 Dungeon Crawl Stone Soup version 0.20.1-1-g8b1a95d (webtiles) character file.

11531 dohliylev the Unseen (level 11, -1/68 HPs)
             Began as a Vampire Enchanter on Dec 24, 2017.
             Was a Priest of Makhleb.
             Killed from afar by Ymberto's ghost (29 damage)
             ... with a fireball
             ... on level 10 of the Dungeon.
             The game lasted 01:02:34 (13469 turns).

dohliylev the Unseen (Vampire Enchanter)           Turns: 13469, Time: 01:02:35

Health: -1/68      AC:  9    Str: 11    XL:     11   Next: 50%
Magic:  5/20       EV: 19    Int: 20    God:    Makhleb [***...]
Gold:   513        SH:  5    Dex: 16    Spells: 10/22 levels left

rFire    . . .     SeeInvis +   a - +3 dagger (vamp)
rCold    . . .     Gourm    .   H - +0 buckler of Card Tricks {Str+4} (curse)
rNeg     . . .     Faith    .   i - +1 robe {MR+}
rPois    .         Spirit   .   G - +1 hat {MR+}
rElec    .         Reflect  .   p - +0 cloak
rCorr    .         Harm     .   f - +2 pair of gloves
MR       +++..                  m - +0 pair of boots
Stlth    ++++++....             (no amulet)
Regen    0.5/turn               (no ring)
MPRegen  0.2/turn               (no ring)

@: regenerating quickly
A: fangs 3, see invisible, unbreathing
a: Minor Destruction, Lesser Servant of Makhleb, Renounce Religion


You were on level 10 of the Dungeon.
You worshipped Makhleb.
Makhleb was most pleased with you.
You were very full.

You visited 2 branches of the dungeon, and saw 11 of its levels.

You collected 513 gold pieces.

Inventory:

Hand Weapons
 a - a +3 vampiric dagger (weapon)
 b - a +1 dagger of venom
Armour
 f - a +2 pair of gloves (worn)
 i - a +1 robe of magic resistance (worn)
 m - a +0 pair of boots (worn)
 p - a +0 cloak (worn)
 G - a +1 hat of magic resistance (worn)
 H - the cursed +0 buckler of Card Tricks (worn) {Str+4}
   (You found it on level 10 of the Dungeon)

   It affects your strength (+4).
   It has a curse placed upon it.
Wands
 l - a wand of confusion (29/48)
 y - a wand of enslavement (3/24)
 I - a wand of lightning (6/15)
 J - a wand of enslavement (9/24)
 K - a wand of acid (5/15)
 L - a wand of polymorph (10/24)
Scrolls
 e - 5 scrolls of remove curse
 h - a scroll of amnesia
 q - a scroll of blinking
 u - a scroll of magic mapping
 v - a scroll of random uselessness {unknown}
 x - 3 scrolls of teleportation
 A - a scroll of identify
 B - a scroll of holy word {unknown}
 D - 2 scrolls of recharging
Potions
 d - 20 potions of blood
 g - 2 potions of agility
 j - a potion of invisibility {unknown}
 k - a potion of heal wounds
 n - 8 potions of curing
 o - a potion of mutation {unknown}
 r - 2 potions of cancellation
 s - a potion of might {unknown}
 t - a potion of magic {unknown}
 w - 2 potions of haste
 C - a potion of berserk rage {unknown}
Books
 c - a book of Maledictions

   Spells                             Type                      Level
   a - Corona                         Hexes                        1
   b - Ensorcelled Hibernation        Hexes/Ice                    2
   c - Confuse                        Hexes                        3
   d - Tukima's Dance                 Hexes                        3
   e - Dazzling Spray                 Conjuration/Hexes            3
 z - a book of Enchantments

   Spells                             Type                      Level
   a - Cause Fear                     Hexes                        4
   b - Yara's Violent Unravelling     Hexes/Transmutation          5
   c - Silence                        Hexes/Air                    5
   d - Deflect Missiles               Charms/Air                   6
   e - Discord                        Hexes                        8
 E - a book of Burglary

   Spells                             Type                      Level
   a - Swiftness                      Charms/Air                   2
   b - Passwall                       Transmutation/Earth          2
   c - Passage of Golubria            Translocation                4
   d - Lee's Rapid Deconstruction     Earth                        5
   e - Darkness                       Hexes                        6
   f - Invisibility                   Hexes                        6
Miscellaneous
 F - a lamp of fire (inert)


   Skills:
 - Level 5.1 Short Blades
 - Level 10.1 Dodging
 + Level 15.0 Stealth
 - Level 4.3 Shields
 - Level 6.0 Spellcasting
 - Level 7.0 Hexes
 - Level 1.0 Ice Magic
 - Level 7.1 Invocations


You had 10 spell levels left.
You knew the following spells:

 Your Spells              Type           Power        Failure   Level  Hunger
a - Corona                Hex            ####...      1%          1    None
b - Ensorcelled Hibernat  Hex/Ice        ###...       3%          2    None
c - Confuse               Hex            ####....     1%          3    ##.....
d - Cause Fear            Hex            ####......   5%          4    ####...
e - Passwall              Tmut/Erth      #.........   16%         2    None


Dungeon Overview and Level Annotations

Branches:
Dungeon (10/15)            Temple (1/1) D:5             Orc (0/2) D:10
   Lair: D:8-11

Altars:
Ashenzari
Dithmenos
Gozag
Hepliaklqana
Kikubaaqudgha
Makhleb
Nemelex Xobeh
Okawaru
Qazlal
Ru
Xom
Zin
The Shining One

Shops:
D:5 %   D:8 (

Annotations:
D:9 Joseph
D:10 1 transporter, Fannar; Nergalle; Ymberto's ghost, novice DEFE


Innate Abilities, Weirdness & Mutations

Your natural rate of healing is unusually fast.
You have razor-sharp teeth.
You have supernaturally acute eyesight. (SInv)
You can survive without breathing.


Message History

Ymberto's ghost points at you and mumbles some strange words.
The fireball explodes!
The fireball engulfs you!
You hear two shouts!
Casting: Confuse
Confirm with . or Enter, or press ? or * to list all spells.
Aiming: Confuse
Press: ? - help, Shift-Dir - straight line, f/p - Ymberto's ghost
Aim: Ymberto's ghost, wielding a vampiric weapon (almost destroyed, covered in acid, chance to defeat MR: 23%) Ymberto's ghost resists with almost no effort.
A two-headed ogre comes into view.
It is wielding a dire flail and a giant spiked club.
Ymberto's ghost is no longer covered in acid.
Ymberto's ghost casts a spell at you. The flame tongue hits you!
Ymberto's ghost gestures at you while chanting.
The fireball explodes!
The fireball engulfs you!
* * * LOW HITPOINT WARNING * * *
You feel much better.
Ymberto's ghost gestures at you while chanting.
The fireball explodes!
The fireball engulfs you!
You die...

#......O# #.............
........# ###..)#####..>
...##...# #...'...# ..
...##...# #...#..$# .
........# #...#...# ..
.......W## #...#####...
....##...# #..............#
....##...####......<.......#
.........O..W...@..........###
.............................#
..##.........................#
..##.........................#
.............###''####.......#
.............# ..... #Y#
.............# ......#.#
.............# ......#.#
#.#........# #.#


You could see a two-headed ogre and Ymberto's ghost.

Vanquished Creatures
  Gastronok (D:9)
  2 two-headed ogres (D:8)
  Pikel (D:7)
  The ghost of kalagan the Digger, a novice GrEE of Hepliaklqana (D:6)
  A troll (D:10)
  Grinder (D:5)
  2 hippogriffs
  Sigmund (D:6)
  9 yaks
  Eustachio (D:5)
  A hungry ghost (D:10)
  A basilisk (D:9)
  Menkaure (D:7)
  2 wargs (D:9)
  2 water moccasins
  Duvessa (D:5)
  An ice beast (D:5)
  An orc warrior (D:9)
  The ghost of Hylith the Skirmisher, an amateur DrBe of Trog (D:3)
  An eye of draining (D:9)
  6 sky beasts
  3 phantoms
  5 ogres
  2 centaurs
  5 bullfrogs
  A gnoll sergeant (D:9)
  Dowan (D:5)
  A water moccasin skeleton (D:8)
  A wyvern skeleton (D:8)
  6 scorpions
  4 jellies
  2 electric eels (D:10)
  3 howler monkeys (D:9)
  11 crimson imps
  A quasit (D:9)
  A bullfrog skeleton (D:10)
  5 hounds
  8 orc wizards
  7 orc priests
  2 centaur skeletons (D:5)
  Crazy Yiuf (D:7)
  2 iguanas
  12 worker ants
  A hound zombie (D:7)
  2 hound skeletons (D:8)
  A worker ant zombie (D:9)
  13 adders
  11 gnolls
  A shadow imp (D:7)
  An ooze (D:6)
  An adder zombie (D:8)
  5 worms
  2 dart slugs
  3 leopard geckos
  42 orcs
  15 bats
  2 giant cockroaches
  11 goblins
  9 hobgoblins
  10 jackals
  3 quokkas
  3 ball pythons
  3 frilled lizards
  A giant cockroach zombie (D:5)
  9 kobolds
  2 leopard gecko skeletons
  9 rats
282 creatures vanquished.

Vanquished Creatures (others)
  2 slaves (D:7)
  An iguana (D:7)
  An orc (D:10)
  A quokka skeleton (D:7)
5 creatures vanquished.

Grand Total: 287 creatures vanquished

Notes
Turn   | Place    | Note
-------+----------+-------------------------------------------
     0 | D:1      | dohliylev the Vampire Enchanter began the quest for the Orb.
     0 | D:1      | Reached XP level 1. HP: 13/13 MP: 3/3
    70 | D:1      | Reached skill level 5 in Stealth
   108 | D:1      | Reached XP level 2. HP: 19/19 MP: 5/5
   114 | D:1      | Learned a level 2 spell: Ensorcelled Hibernation
   282 | D:1      | Reached skill level 6 in Stealth
   377 | D:1      | Reached XP level 3. HP: 24/24 MP: 3/6
   385 | D:1      | Learned a level 3 spell: Confuse
   697 | D:2      | Reached skill level 7 in Stealth
   792 | D:2      | Reached skill level 1 in Ice Magic
   792 | D:2      | Reached XP level 4. HP: 28/30 MP: 0/7
  1050 | D:2      | Reached skill level 8 in Stealth
  1310 | D:3      | Noticed Hylith's ghost (amateur DrBe)
  1354 | D:2      | Reached skill level 5 in Hexes
  1357 | D:2      | Reached XP level 5. HP: 35/35 MP: 3/8
  1399 | D:2      | Found an iron altar of Okawaru.
  1730 | D:3      | Found a shadowy altar of Dithmenos.
  2459 | D:3      | Reached XP level 6. HP: 41/41 MP: 4/9
  2591 | D:3      | Killed Hylith's ghost
  3736 | D:5      | Entered Level 5 of the Dungeon
  3737 | D:5      | Reached XP level 7. HP: 46/46 MP: 10/10
  3748 | D:5      | Reached skill level 5 in Short Blades
  3756 | D:5      | Reached skill level 1 in Shields
  3875 | D:5      | Noticed Grinder
  4032 | D:5      | Noticed Duvessa
  4032 | D:5      | Noticed Dowan
  4070 | D:5      | Killed Dowan
  4079 | D:5      | Noticed Eustachio
  4234 | D:5      | Killed Grinder
  4339 | D:5      | Reached XP level 8. HP: 52/52 MP: 11/11
  4406 | D:5      | Killed Eustachio
  4483 | D:5      | Found an opulent altar of Gozag.
  4539 | D:5      | Found Xesog's Food Shop.
  4572 | D:5      | Found an ancient bone altar of Kikubaaqudgha.
  4576 | D:5      | Reached skill level 5 in Dodging
  4767 | D:5      | Killed Duvessa
  4886 | D:5      | Found a staircase to the Ecumenical Temple.
  4950 | Temple   | Entered the Ecumenical Temple
  5027 | Temple   | Became a worshipper of Makhleb the Destroyer
  5078 | D:5      | Found a faded altar of an unknown god.
  5078 | D:5      | Found a glowing golden altar of the Shining One.
  5083 | D:5      | Found a glowing silver altar of Zin.
  5085 | D:5      | Found a shattered altar of Ashenzari.
  5086 | D:5      | Found a faded altar of an unknown god.
  5216 | D:6      | Noticed kalagan's ghost (novice GrEE)
  5854 | D:7      | Reached XP level 9. HP: 50/57 MP: 7/12
  6155 | D:6      | Noticed Sigmund
  6168 | D:6      | Killed Sigmund
  6913 | D:6      | Reached skill level 10 in Dodging
  7165 | D:6      | Killed kalagan's ghost
  7371 | D:6      | Found a stormy altar of Qazlal.
  7422 | D:7      | Noticed Pikel
  7466 | D:7      | Killed Pikel
  7466 | D:7      | Reached skill level 5 in Spellcasting
  7565 | D:7      | Noticed Menkaure
  7585 | D:7      | Killed Menkaure
  7637 | D:7      | Learned a level 4 spell: Cause Fear
  7670 | D:7      | Reached skill level 1 in Invocations
  7688 | D:7      | Reached XP level 10. HP: 63/63 MP: 10/19
  8486 | D:7      | Found a runed door.
  8490 | D:7      | Noticed Crazy Yiuf
  8494 | D:7      | Killed Crazy Yiuf
  8494 | D:7      | Reached * piety under Makhleb
  8793 | D:8      | Noticed a two-headed ogre
  8807 | D:8      | Killed a two-headed ogre
  9131 | D:8      | Noticed a two-headed ogre
  9217 | D:8      | Reached skill level 5 in Invocations
  9817 | D:8      | Killed a two-headed ogre
  9902 | D:8      | Found Bomif's Weapon Shoppe.
 10196 | D:9      | Noticed Joseph
 10618 | D:9      | Learned a level 2 spell: Passwall
 10675 | D:9      | Noticed Gastronok
 11088 | D:9      | Reached skill level 9 in Stealth
 11302 | D:9      | Reached ** piety under Makhleb
 11302 | D:9      | Reached skill level 10 in Stealth
 11628 | D:9      | Killed Gastronok
 11628 | D:9      | Reached skill level 12 in Stealth
 11628 | D:9      | Reached XP level 11. HP: 68/68 MP: 20/20
 11947 | D:9      | Reached skill level 13 in Stealth
 12284 | D:10     | Entered Level 10 of the Dungeon
 12291 | D:10     | Noticed Nergalle
 12299 | D:10     | Noticed Ymberto's ghost (novice DEFE)
 12395 | D:10     | Got a brightly glowing buckler
 12406 | D:10     | Identified the cursed +0 buckler of Card Tricks {Str+4} (You found it on level 10 of the Dungeon)
 12802 | D:10     | Noticed Fannar
 12930 | D:10     | Reached skill level 14 in Stealth
 13049 | D:10     | Reached *** piety under Makhleb
 13261 | D:10     | Found a staircase to the Orcish Mines.
 13288 | D:10     | Found a transporter.
 13399 | D:10     | Reached skill level 15 in Stealth
 13446 | D:10     | Noticed a two-headed ogre
 13469 | D:10     | Killed from afar by Ymberto's ghost

Skill      XL: |  1  2  3  4  5  6  7  8  9 10 11 |
---------------+----------------------------------+-----
Stealth        | 5 6 7 8 12 15 | 15.0
Ice Magic      | 1 |  1.0
Hexes          | 5 7 |  7.0
Short Blades   | 2 4 5 |  5.1
Shields        | 4 |  4.3
Dodging        | 8 10 | 10.1
Spellcasting   | 6 |  6.0
Invocations    | 1 7 |  7.1

Action                   |  1- 3 |  4- 6 |  7- 9 | 10-12 || total
-------------------------+-------+-------+-------+-------++-------
Melee: Dagger            |    82 |   193 |   292 |   258 ||   825
       Bite              |     3 |    16 |    19 |    21 ||    59
 Cast: Corona            |     3 |     3 |     4 |    10 ||    20
       Ensorcelled Hiber |    19 |    60 |    86 |   143 ||   308
       Confuse           |       |     5 |    27 |    57 ||    89
Invok: Minor Destruction |       |       |       |    62 ||    62
 Abil: End Transformatio |       |       |       |     2 ||     2
       Bat Form          |       |       |       |     2 ||     2
Evoke: Wand              |       |       |       |     1 ||     1
       Lamp of fire      |       |       |       |     1 ||     1
  Use: Scroll            |       |     9 |     2 |     8 ||    19
       Potion            |       |     2 |     7 |     3 ||    12
 Stab: Sleeping          |    28 |    52 |    44 |    77 ||   201
       Confused          |       |     2 |    15 |    25 ||    42
       Distracted        |       |       |       |     1 ||     1
  Eat: Corpse            |     7 |     8 |    12 |    19 ||    46
Armor: Robe              |    35 |    44 |    33 |    25 ||   137
Dodge: Dodged            |    59 |   120 |   171 |   151 ||   501
Block: Buckler           |       |       |    40 |    43 ||    83
